 Dungeon Crawl Stone Soup version 0.20.1-1-g8b1a95d (console) character file.

4165 rafael the Covert (level 10, -1/82 HPs)
             Began as a Deep Dwarf Fire Elementalist on Aug 29, 2017.
             Was a Priest of Makhleb.
             Slain by a merfolk
             ... wielding a +0 spear
              (13 damage)
             ... on level 9 of the Dungeon.
             The game lasted 00:35:51 (7037 turns).

rafael the Covert (Deep Dwarf Fire Elementalist)    Turns: 7037, Time: 00:35:52

Health: -1/82      AC:  7    Str: 11    XL:     10   Next: 7%
Magic:  6/12       EV:  7    Int: 18    God:    Makhleb [***...]
Gold:   106        SH:  0    Dex: 13    Spells: 4/12 levels left

rFire    . . .     SeeInvis .   a - +1 falchion (drain)
rCold    + . .     Gourm    .   n - +0 buckler
rNeg     . . .     Faith    +   K - +0 leather armour {rC+}
rPois    .         Spirit   .   t - +0 helmet
rElec    .         Reflect  .   (no cloak)
rCorr    +         Harm     .   y - +0 pair of gloves
MR       +....                  (no boots)
Stlth    ++++......             e - amulet of faith
Regen    0.0/turn               z - ring of resist corrosion
MPRegen  0.2/turn               (no ring)

@: held, non-regenerating
A: damage resistance, heal wounds, slimy green scales 1, deterioration 1, low mp
1, sense surroundings 2, weak 1, no regeneration
a: Heal Wounds, Minor Destruction, Lesser Servant of Makhleb, Renounce Religion


You were on level 9 of the Dungeon.
You worshipped Makhleb.
Makhleb was most pleased with you.
You were near starving.

You visited 2 branches of the dungeon, and saw 10 of its levels.

You collected 294 gold pieces.
You spent 188 gold pieces at shops.

Inventory:

Hand Weapons
 a - a +1 falchion of draining (weapon)
 l - a +1 dagger of chaos
 x - a +2 mace of holy wrath
 G - a +0 blowgun
Missiles
 h - 53 bolts
 p - 4 tomahawks (quivered)
 J - 3 poisoned needles
 L - 2 curare-tipped needles
Armour
 n - a +0 buckler (worn)
 t - a +0 helmet (worn)
 y - a +0 pair of gloves (worn)
 K - a +0 leather armour of cold resistance (worn)
Jewellery
 e - an amulet of faith (around neck)
 z - a ring of resist corrosion (left hand)
Wands
 s - a wand of random effects (8/48)
 v - a wand of lightning (0/15)
 D - a wand of lightning (0/15)
Scrolls
 m - a scroll of recharging
 r - 3 scrolls of remove curse
 A - a scroll of blinking
 B - a scroll of enchant armour {unknown}
 E - a scroll of immolation {unknown}
 F - a scroll of teleportation
 H - a scroll of magic mapping
 I - a scroll of amnesia {unknown}
Potions
 d - a potion of heal wounds
 f - a potion of agility
 g - 3 potions of curing
 i - 3 potions of haste
 j - 5 potions of resistance
 k - 2 potions of magic {unknown}
 o - 3 potions of ambrosia
 q - a potion of cancellation
 C - a potion of degeneration
Books
 b - a book of Flames

   Spells                             Type                      Level
   a - Flame Tongue                   Conjuration/Fire             1
   b - Throw Flame                    Conjuration/Fire             2
   c - Conjure Flame                  Conjuration/Fire             3
   d - Inner Flame                    Hexes/Fire                   3
   e - Sticky Flame                   Conjuration/Fire             4
   f - Fireball                       Conjuration/Fire             5
Comestibles
 c - 4 bread rations
 u - a royal jelly
 w - 3 meat rations


   Skills:
 + Level 2.9 Fighting
 + Level 3.7 Armour
 + Level 4.6 Dodging
 + Level 10.6 Stealth
 + Level 5.7 Shields
 - Level 1.7 Spellcasting
 + Level 5.5 Conjurations
 + Level 5.2 Fire Magic
 + Level 5.4 Evocations


You had 4 spell levels left.
You knew the following spells:

 Your Spells              Type           Power        Failure   Level  Hunger
a - Flame Tongue          Conj/Fire      ###..        2%          1    #......
b - Sticky Flame          Conj/Fire      ###.....     26%         4    #####..
c - Conjure Flame         Conj/Fire      ###.....     8%          3    ###....


Dungeon Overview and Level Annotations

Branches:
Dungeon (9/15)             Temple (1/1) D:5
   Lair: D:8-11         Orc: D:9-12

Altars:
Ashenzari
Cheibriados
Dithmenos
Elyvilon
Fedhas
Gozag
Hepliaklqana
Kikubaaqudgha
Makhleb
Nemelex Xobeh
Okawaru
Qazlal
Ru
Sif Muna
Trog
Uskayaw
Vehumet
Xom
Yredelemnul
The Shining One

Shops:
D:4 *   D:9 }


Innate Abilities, Weirdness & Mutations

You are resistant to damage.
You can heal yourself by infusing magical energy.
You passively map the area around you.
You do not regenerate.
You are partially covered in slimy green scales. (AC +2)
Your body sometimes deteriorates upon taking damage.
Your magical capacity is low. (-10% MP)
You are weak. (Str -2)


Message History

You see here a throwing net.
You struggle against the net.
Casting: Sticky Flame
Confirm with . or Enter, or press ? or * to list all spells.
You can't see any susceptible monsters within range! (Use Z to cast anyway.) Evoke which item? (* to show all) (? for menu, Esc to quit)
Aiming: Lightning Bolt (will waste charges)
Press: ? - help, Shift-Dir - straight line, f/p - merfolk
Aim: a merfolk, wielding a spear (heavily wounded, lightly drained)
You hear a mighty clap of thunder!
The bolt of lightning hits the merfolk.
The merfolk is heavily wounded.
Evoking this partially-identified wand wasted a few charges.
Evoke which item? (* to show all) (? for menu, Esc to quit)
Aiming: Lightning Bolt (will waste charges)
Press: ? - help, Shift-Dir - straight line, f/p - merfolk
Aim: a merfolk, wielding a spear (heavily wounded, lightly drained) Nothing appears to happen.
The merfolk hits you from afar with a spear!
You die...

#..........# #≈.%#....#
#... ##'#########
#≈.%###### #...
#.......# #≈.## #...
#######.## #≈.†# ####
#..# *#'# ##########'##
##.# #.#...#.#...# #m.#
#.#.#.#.#.### #.## **
#.#.#...#...###@# ,
#.#.#######.'...#* ,
#.#.#...#...###.......,
* #.#.#.#.#.#.#
########* #.#.#.#.#.#.#
#.#.#.#.#.### * , ,
#.#...#.#...# *
#.#####.###.#
#...........# *


You could see a merfolk.

Vanquished Creatures
  A two-headed ogre (D:9)
  3 yaks (D:9)
  A water moccasin (D:5)
  2 orc warriors
  2 ice beasts (D:5)
  3 sky beasts
  An ogre (D:5)
  2 phantoms (D:9)
  A centaur (D:5)
  A crocodile (D:7)
  A big kobold (D:7)
  6 bullfrogs
  2 scorpions
  An electric eel (D:8)
  2 howler monkeys (D:9)
  5 crimson imps
  4 orc priests
  4 jellies
  6 hounds
  Ijyb (D:3)
  An iguana (D:9)
  8 orc wizards
  3 worker ants
  2 hound skeletons
  15 adders
  3 gnolls (D:9)
  2 shadow imps
  3 adder skeletons
  2 worms
  3 dart slugs
  8 leopard geckos
  27 orcs
  4 giant cockroaches
  6 goblins
  3 hobgoblins
  20 jackals
  3 quokkas
  A ball python (D:1)
  A ball python zombie (D:5)
  2 bats (D:2)
  3 frilled lizards
  5 kobolds
  A leopard gecko skeleton (D:7)
  A leopard gecko zombie (D:5)
  A quokka skeleton (D:6)
  5 rats
182 creatures vanquished.

Notes
Turn   | Place    | Note
-------+----------+-------------------------------------------
     0 | D:1      | rafael the Deep Dwarf Fire Elementalist began the quest for the Orb.
     0 | D:1      | Reached XP level 1. HP: 15/15 MP: 3/3
    14 | D:1      | Reached skill level 1 in Conjurations
   232 | D:1      | Found a sparkling altar of Nemelex Xobeh.
   385 | D:1      | Reached XP level 2. HP: 20/22 MP: 1/4
   425 | D:1      | Reached skill level 3 in Stealth
  1049 | D:2      | Reached XP level 3. HP: 18/28 MP: 2/5
  1226 | D:2      | Learned a level 3 spell: Conjure Flame
  1280 | D:3      | Reached skill level 4 in Stealth
  1282 | D:3      | Found a basalt altar of Yredelemnul.
  1634 | D:3      | Found a shimmering altar of Xom.
  1660 | D:3      | Noticed Ijyb
  1773 | D:3      | Reached XP level 4. HP: 18/36 MP: 0/6
  1858 | D:2      | Found a radiant altar of Vehumet.
  1975 | D:3      | Found a snail-covered altar of Cheibriados.
  2166 | D:4      | Found a stormy altar of Qazlal.
  2262 | D:4      | Reached skill level 5 in Stealth
  2262 | D:4      | Reached XP level 5. HP: 15/42 MP: 0/7
  2325 | D:4      | Found Essuwkor's Assorted Antiques.
  2652 | D:3      | Killed Ijyb
  2652 | D:3      | Reached XP level 6. HP: 16/49 MP: 1/8
  2692 | D:5      | Entered Level 5 of the Dungeon
  2994 | D:5      | Noticed an ice beast
  3016 | D:5      | Killed an ice beast
  3016 | D:5      | Reached skill level 6 in Stealth
  3016 | D:5      | Reached skill level 1 in Shields
  3156 | D:5      | Learned a level 4 spell: Sticky Flame
  3428 | D:4      | Bought a jade ring for 160 gold pieces
  3428 | D:4      | Bought a purple potion for 28 gold pieces
  3519 | D:5      | Found a staircase to the Ecumenical Temple.
  3627 | D:5      | Found a shadowy altar of Dithmenos.
  3654 | D:4      | You fall through a shaft!
  3717 | D:5      | Noticed an ice beast
  3786 | D:5      | Killed an ice beast
  3786 | D:5      | Reached skill level 7 in Stealth
  3786 | D:5      | Reached XP level 7. HP: 17/55 MP: 0/9
  3918 | Temple   | Entered the Ecumenical Temple
  3955 | Temple   | Became a worshipper of Makhleb the Destroyer
  4221 | D:5      | Reached skill level 1 in Evocations
  4585 | D:5      | Reached skill level 8 in Stealth
  4585 | D:5      | Reached XP level 8. HP: 16/62 MP: 0/10
  4796 | D:6      | Reached * piety under Makhleb
  4824 | D:6      | Found a bloodstained altar of Trog.
  4964 | D:6      | Reached skill level 9 in Stealth
  4986 | D:6      | Reached skill level 5 in Fire Magic
  5435 | D:7      | Found an opulent altar of Gozag.
  5435 | D:7      | Found a shattered altar of Ashenzari.
  5450 | D:7      | Reached ** piety under Makhleb
  5461 | D:7      | Reached skill level 1 in Fighting
  5479 | D:7      | Gained mutation: You passively map the area around you. [Deep Dwarf growth]
  5479 | D:7      | Reached XP level 9. HP: 13/70 MP: 3/11
  5572 | D:7      | Reached skill level 1 in Armour
  5580 | D:7      | HP: 1/70 [something/puff of flame (11)]
  5605 | D:7      | Gained mutation: Your body sometimes deteriorates upon taking damage. [mutagenic meat]
  5606 | D:7      | Gained mutation: You are agile. (Dex +2) [mutagenic meat]
  5714 | D:7      | Lost mutation: Your body sometimes deteriorates upon taking damage. [potion of mutation]
  5714 | D:7      | Lost mutation: You are agile. (Dex +2) [potion of mutation]
  5714 | D:7      | Gained mutation: Your body sometimes deteriorates upon taking damage. [potion of mutation]
  5714 | D:7      | Gained mutation: You are weak. (Str -2) [potion of mutation]
  5714 | D:7      | Gained mutation: You are partially covered in slimy green scales. (AC +2) [potion of mutation]
  5915 | D:8      | Gained mutation: Your magical capacity is low. (-10% MP) [mutagenic meat]
  6092 | D:8      | Noticed a troll
  6227 | D:9      | Reached skill level 10 in Stealth
  6306 | D:9      | Found Nill's Gadget Emporium.
  6397 | D:9      | Reached skill level 5 in Shields
  6397 | D:9      | Reached skill level 5 in Conjurations
  6423 | D:9      | Reached *** piety under Makhleb
  6600 | D:9      | Noticed a two-headed ogre
  6627 | D:9      | Killed a two-headed ogre
  6627 | D:9      | Reached skill level 5 in Evocations
  6874 | D:9      | Reached XP level 10. HP: 44/81 MP: 1/12
  7037 | D:9      | Slain by a merfolk

Skill      XL: |  1  2  3  4  5  6  7  8  9 |
---------------+----------------------------+-----
Conjurations   | 1 2 3 4 5 |  5.5
Stealth        | 3 4 5 7 8 9 10 | 10.6
Fire Magic     | 3 4 5 |  5.2
Shields        | 2 3 4 5 |  5.7
Evocations     | 2 3 5 |  5.4
Fighting       | 1 2 |  2.9
Dodging        | 3 4 |  4.6
Armour         | 3 |  3.7
Spellcasting   | |  1.7

Action                   |  1- 3 |  4- 6 |  7- 9 | 10-12 || total
-------------------------+-------+-------+-------+-------++-------
Melee: Unarmed           |     3 |       |       |       ||     3
       Falchion          |    12 |    55 |   188 |    13 ||   268
       Mace              |       |    36 |     9 |     8 ||    53
Throw: Tomahawk          |     1 |    14 |     2 |       ||    17
 Cast: Flame Tongue      |    82 |   106 |   152 |       ||   340
       Conjure Flame     |       |     3 |     5 |       ||     8
       Sticky Flame      |       |       |    11 |     2 ||    13
Evoke: Wand              |       |     1 |    18 |     1 ||    20
  Use: Scroll            |     5 |     6 |     5 |       ||    16
       Potion            |     1 |     3 |    11 |     1 ||    16
 Stab: Sleeping          |       |     2 |     6 |       ||     8
       Confused          |       |       |     6 |       ||     6
       Distracted        |       |       |     1 |       ||     1
  Eat: Chunk             |     4 |     9 |     9 |       ||    22
       Royal jelly       |       |       |     4 |       ||     4
       Bread ration      |       |       |     1 |       ||     1
Armor: Robe              |    19 |    39 |    35 |       ||    93
       Leather armour    |       |       |    34 |     6 ||    40
Dodge: Dodged            |    55 |    82 |   163 |    14 ||   314
Block: Buckler           |       |       |    45 |     5 ||    50
       Rpst.: Falchion   |     3 |    16 |    53 |     3 ||    75
